AoeStats
← LM | TornardoBriese

Arabia

504258079Analyzed
1v1 RM · 28d ago on Sep 4, 2026· 58m 4s· 2 players
Game mode
Random Map
Map size
Tiny (2 player)
Population
200
Speed
Normal
Resources
Standard
Victory
Conquest
Starting age
Dark Age
Ending age
Imperial Age
RankedLock teamsTeams togetherTeam positionsShared explorationLock speedFull tech treeHidden civsTurbo modeCheats
Victory
Defeat
🇩🇪 Maya · Germany
1238
+15
🇨🇭 Romans · Switzerland
1220
-15
LM | TornardoBriese
7:25 Loom
10:07 Feudal Age
10:50 Double-Bit Axe
12:18 Man-at-Arms
14:05 Scale Mail Armor
14:46 Horse Collar
17:08 Padded Archer Armor
17:49 Fletching
24:05 Castle Age
23:31 Gold Mining
23:57 Forging
24:09 Long Swordsman
24:22 Elite Skirmisher
25:37 Chain Mail Armor
26:52 Leather Archer Armor
27:15 Bodkin Arrow
29:12 Bow Saw
30:30 Wheelbarrow
32:11 Squires
34:47 Ballistics
42:28 Imperial Age
40:59 Iron Casting
40:50 Scale Barding Armor
42:45 Heavy Plow
42:33 Town Watch
43:20 Chain Barding Armor
44:11 Chemistry
44:29 Ring Archer Armor
44:33 Siege Engineers
46:58 Blast Furnace
46:34 Hand Cart
47:32 Conscription
49:09 Legionary
54:05 Crop Rotation
hippo dippo
0:26 Loom
10:19 Feudal Age
11:18 Double-Bit Axe
15:14 Fletching
17:15 Wheelbarrow
17:37 Padded Archer Armor
23:23 Castle Age
22:06 Gold Mining
22:00 Horse Collar
23:26 Crossbowman
24:24 Bow Saw
24:47 Bodkin Arrow
25:04 Heavy Plow
27:33 Ballistics
29:08 Leather Archer Armor
29:52 Hand Cart
30:46 Thumb Ring
30:46 Elite Skirmisher
33:56 Eagle Warrior
34:38 Squires
34:41 Scale Mail Armor
34:52 Forging
37:24 Imperial Age
35:34 Stone Mining
36:22 Chain Mail Armor
37:13 Stone Shaft Mining
38:31 Guilds
38:20 Arbalester
39:02 Bracer
40:44 Plate Mail Armor
40:49 Iron Casting
41:18 Sappers
43:03 Two-Man Saw
42:19 Elite Eagle Warrior
44:31 Arson
45:48 Blast Furnace
46:03 Murder Holes
47:19 Holcans
47:44 Holcans
48:21 Town Watch
50:25 Ring Archer Armor
Connection lost

Rejoining the realm…

Still unreachable

The connection could not be restored.

Session expired

The server has moved on; the page needs a fresh start.